 Dungeon Crawl Stone Soup version 0.31-a0-177-g4aa6249778 (webtiles) character file.

Game seed: 8465448689644641265

49 qw the Chopper (level 3, 0/23 HPs)
             Began as a Gargoyle Fighter on June 18, 2023.
             Slain by a gnoll
             ... wielding a +0 spear
              (1 damage)
             ... on level 2 of the Dungeon.
             The game lasted 00:00:37 (1030 turns).

qw the Chopper (Gargoyle Fighter)                   Turns: 1030, Time: 00:00:37

Health: 0/23       AC: 10    Str: 21    XL:     3   Next: 75%
Magic:  3/3        EV:  9    Int:  8    God:
Gold:   37         SH:  4    Dex:  9    Spells: 2/2 levels left

rFire   . . .        Y - +0 war axe
rCold   . . .        c - +0 buckler
rNeg    + . .        b - +0 scale mail
rPois   inf          (no helmet)
rElec   +            (no cloak)
rCorr   .            (no gloves)
SInv    .            (no boots)
Will    .....        (no amulet) Stlth
                     (no ring)
HPRegen 0.23/turn    (no ring)
MPRegen 0.08/turn

%: no passive effects
@: no status effects
A: sickness immunity, AC +3, negative energy resistance 1, electricity
resistance, torment resistance 1, petrification resistance
a: no special abilities


You were on level 2 of the Dungeon.
You visited 1 branch of the dungeon, and saw 2 of its levels.

You collected 37 gold pieces.


Innate Abilities, Weirdness & Mutations

You are immune to sickness and miasma.
Your stone body is resilient. (AC +3)
You are immune to poison.
You resist negative energy. (rN+)
You are resistant to electric shocks. (rElec)
You are resistant to unholy torment.
You are immune to petrification.


   Skills:
 - Level 3.2 Fighting
 + Level 3.6 Axes
 - Level 3.2 Armour
 - Level 3.2 Shields


You had 2 spell levels left.
You didn't know any spells.
Your spell library was empty.

Inventory:

Hand Weapons
 h - a +0 flail
 Y - a +0 war axe (weapon)
Armour
 b - a +0 scale mail (worn)
 c - a +0 buckler (worn)
Scrolls
 a - 3 scrolls of identify
Potions
 d - 2 potions of might
 e - a potion of resistance {unknown}
 f - a potion of magic {unknown}
 g - a potion of brilliance {unknown}
 i - a potion of curing {unknown}

Dungeon Overview and Level Annotations

Branches:
Dungeon (2/15)

Altars:
Ru


Message History

You slash the hobgoblin!
You kill the hobgoblin!
You hit the frilled lizard but do no damage.
The frilled lizard bites you but does no damage.
The endoplasm freezes you.
You are frozen.
The gnoll closely misses you.
The frilled lizard bites you but does no damage.
The endoplasm hits you but does no damage.
The gnoll hits you but does no damage.
You hit the endoplasm.
The endoplasm is almost dead.
You barely miss the frilled lizard. The gnoll barely misses you.
The frilled lizard barely misses you. You block the endoplasm's attack.
You completely miss the endoplasm.
The endoplasm is almost dead.
You slash the hobgoblin!
You kill the hobgoblin!
You closely miss the frilled lizard.
The gnoll hits you from afar with a +0 spear.
The endoplasm hits you but does no damage.
The frilled lizard bites you.
You slash the endoplasm!
You kill the endoplasm!
You barely miss the frilled lizard.
The gnoll hits you from afar with a +0 spear.
The frilled lizard closely misses you. The endoplasm freezes you.
You are frozen.
The gnoll hits you from afar with a +0 spear.
The frilled lizard bites you but does no damage.
You barely miss the frilled lizard. You hit the endoplasm.
The frilled lizard closely misses you. The gnoll misses you.
The endoplasm freezes you.
You are frozen.
You slash the endoplasm!
You kill the endoplasm!
You miss the frilled lizard.
The gnoll hits you from afar with a +0 spear.
You die... 7 7

....P P .7 .... ..
7.7.P8.. .P. 7 .7.7..
.... .. .7..P..#...#P
....######7.77.........
......).....P77%7.=_?.P
.. ###....P77.@.g.....
....#..........l7#...#.
...........P.7P7r....¤P
.....##.##..P7P....#. P
....# #.##.7P777....¤
...>###.###777 .7...P
###.......7 ....7l
######.##777P ..77.
###....#.##....


You could see a gnoll, a quokka and a frilled lizard.

Vanquished Creatures
  A gnoll (D:2)
  3 bats (D:1)
  6 endoplasms
  4 giant cockroaches (D:1)
  3 goblins
  5 hobgoblins
  2 kobolds (D:1)
  2 quokkas (D:2)
  3 ball pythons (D:1)
  2 frilled lizards (D:1)
  2 rats (D:1)
33 creatures vanquished.

Notes
Turn   | Place    | Note
-------+----------+-------------------------------------------
     0 | D:1      | qw the Gargoyle Fighter began the quest for the Orb.
     0 | D:1      | Reached XP level 1. HP: 14/14 MP: 1/1
     0 | D:1      | 0 ||| qw: Version: 0.3-a-5-g6f28e65
     0 | D:1      | 0 ||| qw: Game counter: 519
     0 | D:1      | 0 ||| qw: Always use a shield: true
     0 | D:1      | 0 ||| qw: God list: Okawaru
     0 | D:1      | 0 ||| qw: Allow faded altars: false
     0 | D:1      | 0 ||| qw: Do Orc after D:15 true
     0 | D:1      | 0 ||| qw: Do second Lair branch before Depths: true
     0 | D:1      | 0 ||| qw: Lair rune preference: random
     0 | D:1      | 0 ||| qw: Plans: Normal, Zot:1-4, Slime:5, God:TSO, Crypt,
                  | Tomb, Abyss, Pan, Hells, Win
     0 | D:1      | 0 ||| PLANNING D:1-11
   178 | D:1      | Reached XP level 2. HP: 18/19 MP: 2/2
   487 | D:1      | Reached skill level 3 in Axes
   630 | D:1      | 630 ||| READING 2 scrolls labelled OTEGRE UZXAHYT.
   631 | D:1      | 631 ||| READING scroll labelled MILINL FAAX.
   632 | D:1      | 632 ||| READING scroll labelled UQOECAQAUZ.
   792 | D:2      | Reached XP level 3. HP: 23/23 MP: 3/3
  1016 | D:2      | 1016 ||| Stepping ~*~*~tactically~*~*~ (stealth).
  1016 | D:2      | Found a sacrificial altar of Ru.
  1029 | D:2      | HP: 1/23 [frozen (5)]
  1030 | D:2      | Slain by a gnoll

Levels and vault maps discovered:
D:1:      tarquinn_simple_flora_water_f, layout_basic, serial_bayou_pond_b,
          chequers_serial_rivers_small_b, minmay_pentomino_r2
D:2:      wad_woods_stonehenge, layout_rooms, serial_park_tiny_1

Skill      XL: |  1  2 |
---------------+-------+-----
Axes           | 2 3 |  3.6
Fighting       | |  3.2
Armour         | |  3.2
Shields        | |  3.2

Action                     || total
---------------------------++-------
  Melee: War axe           ||   100
    Use: Scroll            ||     3
 Armour: Scale mail        ||    57
  Dodge: Dodged            ||    53
  Block: Buckler           ||    20

Table legend:
 A = Non-vault XP
 B = Vault XP
 C = Vault XP percentage of total XP
 D = Non-vault monster count
 E = Vault monster count
 F = Vault count percentage of total count
                 A         B        C        D         E       F
            +---------+---------+-------+---------+---------+-------
      Total |      37 |      35 |  48.6 |      21 |      12 |  36.4
            +---------+---------+-------+---------+---------+-------
        D:1 |      18 |      14 |  43.8 |      11 |       8 |  42.1
        D:2 |      19 |      21 |  52.5 |      10 |       4 |  28.6
            +---------+---------+-------+---------+---------+-------
